AoeStats
← Ryuk7035

Arabia

510936603Analyzed
1v1 RM · 19h ago on Oct 3, 2026· 49m 23s· 2 players
Game mode
Random Map
Map size
Tiny (2 player)
Population
200
Speed
Normal
Resources
Standard
Victory
Conquest
Starting age
Dark Age
Ending age
Imperial Age
RankedLock teamsTeams togetherTeam positionsShared explorationLock speedFull tech treeHidden civsTurbo modeCheats
Victory
Defeat
🇨🇴 Mongols · Colombia
437
+4
🇲🇽 Spanish · Mexico
20
-3
Ryuk7035
9:38 Loom
13:04 Feudal Age
27:29 Wheelbarrow
31:27 Castle Age
29:36 Scale Mail Armor
29:43 Scale Barding Armor
34:02 Stone Mining
34:03 Gold Mining
36:11 Double-Bit Axe
41:09 Imperial Age
43:45 Gambesons
44:01 Squires
46:50 Chain Barding Armor
46:46 Chain Mail Armor
47:14 Town Watch
47:59 Ballistics
Ursulaiguaran21
9:30 Feudal Age
11:03 Double-Bit Axe
21:57 Castle Age
19:55 Fletching
24:57 Padded Archer Armor
24:53 Bodkin Arrow
25:49 Gold Mining
27:43 Leather Archer Armor
29:20 Gold Shaft Mining
29:28 Bow Saw
29:55 Wheelbarrow
29:07 Town Watch
29:23 Horse Collar
32:25 Hand Cart
32:55 Pikeman
33:35 Squires
34:08 Ballistics
33:55 Stone Mining
39:21 Fervor
38:48 Light Cavalry
39:39 Bloodlines
43:14 Imperial Age
43:11 Husbandry
44:32 Heavy Cavalry Archer
45:37 Parthian Tactics
46:50 Chemistry
47:28 Town Patrol
Connection lost

Rejoining the realm…

Still unreachable

The connection could not be restored.

Session expired

The server has moved on; the page needs a fresh start.